Map: [ESL] Inside and Out

Players

RagnaroK (SHIN) - Winner!

  • Race: Zerg Zerg
  • Spawn Location: 1:00

Serral

  • Race: Zerg Zerg
  • Spawn Location: 7:00

Event: DreamHack SC2 Masters 2022 Atlanta (Offline)

VOD

Have the link to the VOD?

Description

Time

  • Played on: Nov. 19, 2022, 4:56 p.m.
  • Length: 10:22

All games in this series

Show
View Real Time Build Order
Export as new Build Order

RagnaroK Zerg - Winner!

Build Orders: Hatch First 

Get SALT Encoding   

  12  0:00  Drone  
  13  0:12  Overlord  
  13  0:16  Drone  
  14  0:30  Drone  
  14  0:31  Drone  
  16  0:50  Drone, Hatchery  
  16  0:54  Drone  
  17  0:57  Drone  
  18  1:09  Extractor  
  17  1:12  Spawning Pool  
  17  1:15  Drone  
  17  1:19  Drone  
  18  1:28  Drone  
  19  1:39  Drone  
  20  1:50  Drone  
  21  2:02  Zergling x2, Queen x2  
  21  2:03  Drone  
  27  2:11  Metabolic Boost, Overlord  
  27  2:13  Drone  
  28  2:30  Drone x2  
  28  2:32  Hatchery  
  28  2:34  Drone  
  28  2:36  Drone  
  31  2:46  Queen  
  31  2:50  Baneling Nest  
  32  2:54  Overlord  
  32  2:56  Drone  
  33  3:01  Zergling x2  
  33  3:03  Zergling x2  
  33  3:05  Zergling x2  
  36  3:13  Drone  
  36  3:14  Drone x3  
  36  3:18  Drone x2  
  42  3:25  Evolution Chamber  
  41  3:27  Overlord  
  41  3:29  Drone  
  42  3:35  Baneling  
  42  3:36  Drone  
  42  3:37  Drone  
  44  3:43  Overlord  
  44  3:47  Drone x3  
  46  3:50  Zerg Ground Armor Level 1  
  46  3:54  Drone  
  47  3:59  Roach Warren  
  47  4:00  Drone x2  
  47  4:01  Extractor  
  47  4:03  Extractor  
  47  4:04  Zergling x2  
  47  4:06  Zergling x2  
  47  4:07  Drone  
  49  4:11  Drone x3  
  52  4:18  Drone x3  
  55  4:24  Drone x3  
  55  4:27  Overlord  
  55  4:29  Drone x2  
  60  4:32  Overlord  
  60  4:35  Overlord  
  60  4:36  Drone  
  61  4:40  Drone x2  
  63  4:45  Extractor  
  63  4:47  Extractor  
  63  4:50  Overlord  
  60  4:53  Roach x4  
  60  4:54  Roach  
  60  4:59  Roach x2  
  74  5:04  Roach x3  
  82  5:07  Roach x2  
  82  5:11  Lair  
  84  5:15  Overlord  
  84  5:25  Zergling x12  
  90  5:29  Roach x2  
  90  5:32  Roach  
  90  5:33  Roach  
  97  5:36  Roach x2  
  97  5:39  Roach  
  103  5:44  Roach  
  103  5:47  Zerg Missile Weapons Level 1  
  103  5:49  Drone  
  106  5:50  Overlord  
  106  5:52  Overlord  
  106  5:55  Overlord  
  103  5:57  Drone  
  104  6:06  Drone  
  104  6:09  Glial Reconstitution, Spire  
  105  6:11  Drone x3  
  107  6:19  Roach x3  
  107  6:22  Drone  
  107  6:23  Drone x2  
  115  6:26  Extractor  
  115  6:27  Drone x3  
  115  6:31  Overlord  
  117  6:39  Drone x6  
  123  6:42  Overlord  
  123  6:48  Overlord  
  123  6:57  Overlord  
  123  6:58  Hatchery  
  121  7:09  Roach x8  
  121  7:12  Roach x2  
  121  7:14  Roach  
  143  7:17  Roach x2  
  147  7:25  Overlord  
  147  7:29  Roach  
  147  7:36  Mutalisk x7  
  153  7:42  Overlord x2  
  161  7:45  Hatchery  
  161  7:47  Ravager  
  161  7:50  Mutalisk x4  
  165  7:56  Mutalisk x2  
  167  7:59  Mutalisk  
  167  8:00  Overlord  
  167  8:02  Mutalisk  
  165  8:07  Zerg Flyer Weapons Level 1  
  165  8:11  Overlord  
  165  8:12  Drone x2  
  165  8:18  Mutalisk  
  165  8:19  Mutalisk  
  169  8:30  Mutalisk  
  169  8:34  Mutalisk  
  167  8:42  Mutalisk  
  165  8:48  Mutalisk  
  165  8:49  Mutalisk  
  165  8:51  Zergling x18  
  165  8:54  Queen  
  176  9:03  Mutalisk x2  
  176  9:05  Drone x2  
  176  9:06  Drone x3  
  176  9:07  Drone  
  176  9:08  Drone  
  187  9:10  Drone  
  187  9:17  Drone x2  
  190  9:19  Drone  
  190  9:21  Mutalisk  
  187  9:25  Mutalisk  
  187  9:29  Roach  
  187  9:30  Roach x3  
  192  9:35  Roach x3  
  181  9:38  Queen  
  181  9:41  Roach x4  
  181  9:43  Roach  
  174  9:49  Roach x2  
  174  9:52  Roach x2  
  166  10:01  Roach x2  
  166  10:05  Extractor  
  176  10:09  Drone x2  
Show
View Real Time Build Order
Export as new Build Order

Serral Zerg 

Build Orders: Hatch First 

Get SALT Encoding   

  12  0:00  Drone  
  13  0:11  Overlord  
  13  0:16  Drone  
  14  0:29  Drone x2  
  16  0:47  Hatchery  
  15  0:51  Drone  
  15  0:54  Drone  
  17  0:57  Drone  
  18  1:09  Extractor  
  17  1:13  Spawning Pool  
  17  1:16  Drone  
  17  1:19  Drone  
  18  1:27  Drone  
  19  1:37  Drone  
  20  1:48  Drone  
  21  1:59  Queen x2  
  21  2:00  Zergling x2  
  21  2:01  Overlord  
  26  2:11  Drone x2  
  26  2:12  Metabolic Boost  
  28  2:20  Zergling x2  
  28  2:21  Drone  
  30  2:34  Hatchery  
  30  2:36  Drone  
  30  2:38  Drone  
  30  2:43  Drone  
  32  2:47  Baneling Nest  
  32  2:49  Overlord  
  31  2:57  Drone  
  31  2:58  Drone  
  33  3:04  Zergling x2  
  34  3:08  Drone x4  
  34  3:10  Zergling x4  
  39  3:14  Zergling x2  
  39  3:18  Overlord  
  40  3:21  Drone  
  40  3:25  Queen  
  43  3:31  Baneling  
  43  3:37  Zergling x2  
  43  3:38  Drone x2, Evolution Chamber  
  45  3:41  Drone x2  
  45  3:46  Overlord  
  45  3:47  Drone x2  
  49  3:49  Drone  
  49  3:50  Drone  
  49  3:53  Drone  
  51  4:01  Drone x2  
  51  4:02  Roach Warren  
  52  4:06  Extractor  
  52  4:07  Extractor  
  52  4:08  Zerg Ground Armor Level 1  
  50  4:11  Drone x2  
  50  4:16  Drone x2  
  54  4:18  Zergling x2, Baneling  
  54  4:23  Baneling  
  56  4:24  Zergling x2  
  56  4:25  Drone x3  
  56  4:29  Overlord x2  
  58  4:35  Overlord  
  58  4:43  Roach  
  58  4:44  Roach x2  
  64  4:47  Roach  
  64  4:48  Roach x2  
  70  4:53  Overlord  
  70  4:56  Roach  
  70  4:57  Roach  
  74  5:03  Roach x2  
  74  5:04  Roach  
  80  5:09  Roach  
  80  5:11  Zergling x2, Roach x3  
  88  5:16  Zergling x6  
  91  5:23  Overlord  
  91  5:28  Zergling x12  
  97  5:33  Overlord  
  97  5:34  Overlord  
  97  5:39  Lair  
  97  5:45  Drone x4  
  101  5:51  Drone x3  
  101  5:56  Drone  
  104  5:59  Drone  
  104  6:00  Roach  
  104  6:01  Roach x3  
  104  6:03  Zerg Missile Weapons Level 1  
  113  6:06  Extractor  
  112  6:11  Overlord  
  112  6:14  Roach x5  
  121  6:21  Overlord x2  
  121  6:22  Overlord  
  121  6:27  Extractor  
  121  6:30  Drone, Roach  
  121  6:31  Roach x2  
  127  6:35  Overlord  
  127  6:36  Overseer  
  127  6:39  Roach  
  129  6:49  Roach x7  
  129  6:50  Glial Reconstitution  
  143  6:56  Drone  
  143  6:57  Drone x3  
  143  7:00  Baneling x2  
  143  7:01  Drone x3  
  150  7:04  Drone  
  150  7:05  Drone  
  150  7:08  Extractor  
  151  7:10  Overlord  
  151  7:11  Drone x2  
  151  7:13  Roach  
  151  7:15  Roach x2  
  155  7:30  Drone x3  
  155  7:34  Hatchery  
  157  7:37  Hydralisk Den  
  157  7:38  Roach x6  
  157  7:40  Overseer  
  157  7:42  Ravager x2  
  170  7:44  Overlord  
  170  7:49  Overlord  
  168  7:58  Spore Crawler  
  168  7:59  Drone  
  163  8:07  Grooved Spines, Hydralisk x7  
  163  8:12  Hydralisk x2  
  179  8:21  Overlord x2  
  179  8:25  Overlord  
  175  8:34  Spore Crawler  
  175  8:37  Hydralisk  
  168  8:43  Hydralisk x7  
  177  8:49  Hydralisk x3  
  182  8:57  Hydralisk x3  
  178  9:04  Hydralisk x2  
  177  9:11  Hydralisk  
  170  9:17  Hydralisk x2  
  170  9:22  Hydralisk  
  166  9:26  Hydralisk  
  152  9:34  Hydralisk x2  
  140  9:44  Hydralisk x3  
  112  9:53  Hydralisk x2  
  108  10:00  Roach x4  
Tags
 
Add a new tag
Caveats
  • Supply blocks, unpowered buildings, or Contaminate may cause inaccurate times.
  • Supply counts are checked every 10 seconds.